 Dungeon Crawl Stone Soup version 0.24.1-8-ga250c9d538 (webtiles) character file.

Game seed: 815248830512633180, levelgen mode: deterministic

42 Hugehornet the Changer (level 3, 0/23 HPs)
             Began as an Octopode Transmuter on May 4, 2020.
             Succumbed to an adder's poison
             ... on level 2 of the Dungeon.
             The game lasted 00:01:32 (950 turns).

Hugehornet the Changer (Octopode Transmuter)         Turns: 950, Time: 00:01:33

Health: 0/23       AC:  1    Str:  9    XL:     3   Next: 56%
Magic:  5/6        EV: 19    Int: 16    God:
Gold:   27         SH:  0    Dex: 17    Spells: 0/6 levels left

rFire    . . .     SeeInvis .     - Unarmed
rCold    . . .     Gourm    .   (no shield)
rNeg     . . .     Faith    .   (helmet restricted)
rPois    .         Spirit   .   (no amulet)
rElec    .         Reflect  .   (no ring)
rCorr    .         Harm     .   (no ring)
MR       .....                  (no ring)
Stlth    ++++......             (no ring)
HPRegen  0.07/turn              (no ring)
MPRegen  0.10/turn              (no ring)
                                (no ring)
                                (no ring)

@: agile, lethally poisoned (0 -> -6), appendage
A: almost no armour, stealthy swim, amphibious, 8 rings, constrict 8, tentacle
spike 3, camouflage 1, gelatinous body 1
a: End Transformation


You were on level 2 of the Dungeon.
You were not hungry.
One of your tentacles had a temporary spike.
You visited 1 branch of the dungeon, and saw 2 of its levels.

You collected 27 gold pieces.

Inventory:

Missiles
 a - 27 arrows
Scrolls
 d - a scroll of fog {unknown}
 f - a scroll of blinking {unknown}
Potions
 b - 2 potions of agility
 e - a potion of curing {unknown}
Comestibles
 c - a ration


   Skills:
 - Level 1.0 Fighting
 - Level 2.0 Dodging
 * Level 3.1 Unarmed Combat
 - Level 2.0 Spellcasting
 * Level 3.6 Transmutations
 + Level 0.4 Poison Magic


You couldn't memorise any spells.
You knew the following spells:

 Your Spells              Type           Power        Failure   Level  Hunger
a - Beastly Appendage     Tmut           ##....       4%          1    #......
b - Sticks to Snakes      Tmut           ##......     7%          2    ###....
c - Spider Form           Tmut/Pois      #.........   26%         3    ###....

Your spell library contained the following spells:

 Spells                   Type           Power        Failure   Level  Hunger
 Ice Form                 Ice/Tmut       #.......     69%         4    #####..
 Blade Hands              Tmut           ##........   78%         5    ######.


Dungeon Overview and Level Annotations

Branches:
Dungeon (2/15)

Altars:


Innate Abilities, Weirdness & Mutations

You cannot wear most types of armour.
You are very stealthy in the water. (Stealth+)
You are amphibious.
You can wear up to eight rings at the same time.
You can use your tentacles to constrict eight enemies at once.
Your skin changes colour to match your surroundings (Stealth+).
Your rubbery body absorbs attacks. (AC +1, EV +1)
One of your tentacles bears a large vicious spike.


Message History

Confirm with . or Enter, or press ? or * to list all spells.
One of your tentacles grows a vicious spike.
The adder hisses angrily.
You tentacle-slap the adder but do no damage.
You grab the adder.
Your tentacle spike misses the adder.
You squeeze the adder.
The adder is heavily wounded.
You constrict the adder. The adder barely misses you.
You tentacle-slap the adder but do no damage.
Your tentacle spike misses the adder.
The adder is heavily wounded.
You constrict the adder. The adder bites you.
* * * LOW HITPOINT WARNING * * *
You are lethally poisoned!
The adder poisons you! The adder bites you.
* * * LOW HITPOINT WARNING * * *
It was a potion of agility.
You feel agile all of a sudden.
You constrict the adder.
You die...

.. .... ...##...
..####.#. #......
....... .##.....
..#..#.##.......
#.>...........#
...#..........#
#............#
.##...S@...<..#
.........#.†..#..
.......#..........
##....††...##.#....
#.....†...# ......
...............#...
..............#. ..
...#.).?.........
................


You could see an adder.

Vanquished Creatures
  A gnoll (D:1)
  A dart slug (D:1)
  4 giant cockroaches
  6 goblins
  A hobgoblin (D:1)
  6 jackals
  2 kobolds (D:1)
  A ball python (D:2)
  2 bats
  2 rats (D:1)
26 creatures vanquished.

Notes
Turn   | Place    | Note
-------+----------+-------------------------------------------
     0 | D:1      | Hugehornet the Octopode Transmuter began the quest for the
                  | Orb.
     0 | D:1      | Reached XP level 1. HP: 13/13 MP: 3/3
    98 | D:1      | Reached XP level 2. HP: 15/18 MP: 5/5
   272 | D:1      | Reached XP level 3. HP: 4/23 MP: 4/6
   276 | D:1      | Learned a level 2 spell: Sticks to Snakes
   280 | D:1      | Learned a level 3 spell: Spider Form
   949 | D:2      | HP: 1/23 [adder (2)]
   950 | D:2      | Succumbed to an adder's poison

Levels and vault maps discovered:
D:1:      onia_arrival_pyramid, layout_basic
D:2:      layout_rooms, gammafunk_temple_overflow_elements,
          overflow_temple_1_default, minmay_misc_feat_ornament, xom_teletrap_fun

Skill      XL: |  1  2 |
---------------+-------+-----
Transmutations | 3 |  3.6
Fighting       | |  1.0
Dodging        | |  2.0
Unarmed Combat | |  3.1
Spellcasting   | |  2.0
Poison Magic   | |  0.4

Action                   || total
-------------------------++-------
Melee: Unarmed           ||    58
       Constrict         ||    22
       Kick              ||    10
       Tentacles         ||    10
       Punch             ||     1
 Cast: Beastly Appendage ||    12
  Use: Potion            ||     1
 Stab: Sleeping          ||     3
Armor: Skin              ||     7
Dodge: Dodged            ||    48
